 Dungeon Crawl Stone Soup version 0.30-a0-883-g5ad918d77d (webtiles) character file.

Game seed: 3274619173632287278

59273 jasper the Impassioned (level 14, -1/118 HPs)
             Began as a Demonspawn Gladiator on Mar 15, 2023.
             Was a Priest of Uskayaw.
             Slain by a two-headed ogre
             ... wielding a +0 giant club
              (25 damage)
             ... on level 2 of the Orcish Mines.
             The game lasted 00:33:13 (18133 turns).

jasper the Impassioned (Demonspawn Gladiator)      Turns: 18133, Time: 00:33:14

Health: -1/118     AC: 18    Str: 15    XL:     14   Next: 52%
Magic:  0/26       EV: 13    Int:  9    God:    Uskayaw [***...]
Gold:   1652       SH: 13    Dex: 22    Spells: 13/13 levels left

rFire   + + +      SeeInvis .    e - +4 short sword (elec)
rCold   . . .      Faith    .    s - +0 kite shield
rNeg    . . .      Spirit   +    p - +0 fire dragon scales
rPois   +          Reflect  .    t - +2 hat
rElec   +          Rampage  .    V - +0 cloak
rCorr   .                        O - +0 pair of gloves
Will    +....                    a - +0 pair of boots
Stlth   +++                      (no amulet)
HPRegen 0.39/turn                j - ring of poison resistance
MPRegen 0.40/turn                w - ring of Otowkoifi {*Slow rElec rF+ rC+ Dex+2}

@: slowed, very slow
A: horns 2, rugged brown scales 3, icemail 1, augmentation 1, magic shield,
magic regeneration, condensation shield
a: Renounce Religion, Stomp, Line Pass


You were on level 2 of the Orcish Mines.
You worshipped Uskayaw.
Uskayaw was most pleased with you.
You visited 4 branches of the dungeon, and saw 19 of its levels.
You also visited: Ice Cave and Volcano.

You collected 1850 gold pieces.
You spent 198 gold pieces at shops.

Inventory:

Hand Weapons
 e - a +4 short sword of electrocution (weapon)
 v - a +0 rapier of flaming
 G - a +6 short sword
 M - the +3 short sword of Division {venom, rElec}
   (You found it on level 6 of the Dungeon)

   rElec:     It insulates you from electricity.
Missiles
 d - 2 throwing nets
 f - 6 javelins
 h - 105 stones (quivered)
 y - 16 curare-tipped darts
 Y - 4 silver javelins
Armour
 a - a +0 pair of boots (worn)
 p - +0 fire dragon scales (worn)
 q - the +3 leather armour of Xexoesa {Rampage}
   (You found it on level 8 of the Dungeon)

   Rampage:   It bestows one free step when moving towards enemies.
 s - a +0 kite shield (worn)
 t - a +2 hat (worn)
 O - a +0 pair of gloves (worn)
 V - a +0 cloak (worn)
Jewellery
 j - a ring of poison resistance (left hand)
 w - the ring of Otowkoifi (right hand) {*Slow rElec rF+ rC+ Dex+2}
   (You acquired it on level 4 of the Dungeon)

   [ring of protection from cold]

   Dex:       It affects your dexterity (+2).
   rF:        It protects you from fire.
   rC:        It protects you from cold.
   rElec:     It insulates you from electricity.
   *Slow:     It may slow you when you take damage.
 C - the ring of Xom's Wantonness {rF+ Str+6 Slay+4}
   (You found it on level 5 of the Lair of Beasts)

   [ring of slaying]

   Str:       It affects your strength (+6).
   Slay:      It affects your accuracy & damage with ranged weapons and melee
   (+4).
   rF:        It protects you from fire.
 U - a ring of protection from fire
 W - a ring of positive energy
 Z - the ring of Amorality {Will+ Str+7 SInv}
   (You found it on level 8 of the Dungeon)

   [ring of see invisible]

   Str:       It affects your strength (+7).
   SInv:      It lets you see invisible.
   Will:      It increases your willpower.
Wands
 k - a wand of paralysis (7)
 E - a wand of quicksilver (11)
 K - a wand of iceblast (12)
Scrolls
 b - 2 scrolls of enchant weapon
 c - 10 scrolls of teleportation
 g - 3 scrolls of poison
 n - 12 scrolls of identify
 o - a scroll of enchant armour
 u - 4 scrolls of blinking
 z - 3 scrolls of immolation
 H - 4 scrolls of fear
 N - a scroll of magic mapping
 P - a scroll of summoning
 Q - a scroll of torment
 R - 4 scrolls of vulnerability
Potions
 i - 6 potions of curing
 l - a potion of berserk rage
 m - 5 potions of cancellation
 r - a potion of magic
 x - 4 potions of haste
 A - 3 potions of might
 B - 6 potions of flight
 D - a potion of heal wounds
 F - a potion of brilliance
 I - 5 potions of mutation
 J - a potion of ambrosia
 L - a potion of resistance
 S - 2 potions of invisibility
 T - 5 potions of lignification
Miscellaneous
 X - a phantom mirror


   Skills:
 - Level 10.5 Fighting
 - Level 10.0 Short Blades
 - Level 2.7 Maces & Flails
 - Level 1.7 Throwing
 - Level 5.8 Armour
 - Level 8.3 Dodging
 - Level 9.0 Stealth
 + Level 9.8 Shields
 - Level 16.2 Invocations


You had 13 spell levels left.
You didn't know any spells.
Your spell library contained the following spells:

 Spells                   Type           Power      Damage    Failure   Level
 Apportation              Tloc           0%         N/A       99%         1
 Freeze                   Ice            0%         1d3       99%         1
 Magic Dart               Conj           0%         1d3       99%         1
 Summon Small Mammal      Summ           0%         N/A       99%         1
 Call Imp                 Summ           0%         N/A       99%         2
 Call Canine Familiar     Summ           0%         N/A       100%        3
 Frozen Ramparts          Ice            0%         1d1       100%        3
 Gell's Gravitas          Tloc           0%         N/A       100%        3
 Hailstorm                Conj/Ice       0%         3d3       100%        3
 Mephitic Cloud           Conj/Pois/Air  0%         N/A       100%        3
 Summon Guardian Golem    Hex/Summ       0%         N/A       100%        3
 Teleport Other           Tloc           0%         N/A       100%        3
 Tukima's Dance           Hex            0%         N/A       100%        3
 Leda's Liquefaction      Hex/Erth       0%         N/A       100%        4
 Olgreb's Toxic Radiance  Pois           0%         N/A       100%        4
 Passage of Golubria      Tloc           0%         N/A       100%        4
 Alistair's Intoxication  Tmut/Pois      0%         N/A       100%        5
 Fireball                 Conj/Fire      0%         3d3       100%        5
 Freezing Cloud           Conj/Ice/Air   0%         6-21      100%        5
 Iskenderun's Battlesphe  Conj           0%         2d6       100%        5
 Lee's Rapid Deconstruct  Erth           0%         3d4*      100%        5
 Yara's Violent Unravell  Hex/Tmut       0%         3d3       100%        5
 Conjure Ball Lightning   Conj/Air       0%         3x3d6     100%        6
 Dispersal                Tloc           0%         N/A       100%        6
 Iron Shot                Conj/Erth      0%         9d1       100%        6
 Simulacrum               Ice/Necr       0%         N/A       100%        6
 Statue Form              Tmut/Erth      0%         N/A       100%        6
 Orb of Destruction       Conj           0%         9d5       100%        7
 Ozocubu's Refrigeration  Ice            0%         4d7       100%        7
 Spellforged Servitor     Conj/Summ      0%         N/A       100%        7
 Ignition                 Fire           0%         3d3       100%        8
 Polar Vortex             Ice            0%         N/A       100%        9


Dungeon Overview and Level Annotations

Branches:
Dungeon (11/15)            Temple (1/1) D:5            Lair (5/5) D:9
  Swamp (0/4) Lair:2        Snake (0/4) Lair:2        Slime (0/5) Lair:4
    Orc (2/2) D:9           IceCv (visited)         Volcano (visited)
    Elf: Orc:2

Altars:
Ashenzari
Cheibriados
Dithmenos
Fedhas
Gozag
Hepliaklqana
Kikubaaqudgha
Makhleb
Nemelex Xobeh
Okawaru
Qazlal
Ru
Sif Muna
Trog
Uskayaw
Vehumet
Wu Jian
Xom
Yredelemnul
Jiyva

Shops:
D:4 :   D:5 ?   D:7 [   D:9 *   D:10 (

Annotations:
D:4 2 runed translucent doors, Crazy Yiuf; osoart's ghost, amateur DrEE
Lair:1 3 runed translucent doors, cheesebisquit's ghost, journeyman TrFi


Innate Abilities, Weirdness & Mutations

You have a pair of horns on your head.
You are completely covered in rugged brown scales. (AC +3, +7% HP)
A meltable icy envelope protects you from harm. (AC +0)
Your magical and physical power is slightly enhanced at high health.
When hurt, damage is shared between your health and your magic reserves.
You regenerate magic rapidly.
A meltable shield of frost defends you. (SH +0)


Message History

The troll claws you but does no damage. You block the two-headed ogre's attack.
The two-headed ogre hits you with a +0 giant club!
You take 8 damage, and have 43/118 hp.
You now have 12/26 mp.
Aiming: Line Pass
Press: ? - help, Dir - move target The orc appears confused.
You can no longer merge with and destroy a victim.
The orc barely misses you.
You now have 9/26 mp.
You catch the helpless orc completely off-guard!
You stick the orc like a pincushion!!!
You kill the orc!
The two-headed ogre is no longer sharing its pain.
An orc comes into view. It is wielding a +0 short sword.
The troll closely misses you. You block the troll's attack.
The troll claws you but does no damage.
Okay, then.
You stomp with the beat, sending a shockwave through the revellers around you!
The two-headed ogre is moderately wounded.
The two-headed ogre is severely wounded.
The troll is heavily wounded.
The two-headed ogre hits you with a +0 giant spiked club.
You block the two-headed ogre's attack. The troll barely misses you.
You block the troll's attack. The troll claws you!
* * * LOW HITPOINT WARNING * * *
Uskayaw will force your foes to share their pain.
You take 10 damage, and have 34/118 hp.
You now have 6/26 mp.
You stomp with the beat, sending a shockwave through the revellers around you!
The two-headed ogre is severely wounded.
The ogre is heavily wounded.
The two-headed ogre is almost dead.
The troll is severely wounded.
You block the ogre's attack. The troll barely misses you. x2
The troll claws you but does no damage.
The two-headed ogre hits you with a +0 giant spiked club.
* * * LOW HITPOINT WARNING * * *
The two-headed ogre hits you with a +0 giant spiked club.
* * * LOW HITPOINT WARNING * * *
The two-headed ogre hits you with a +0 giant club!!
You die...

##.........###......#####
#..........# ##.......#.#
#.........## ###........
#.......o######.........#
###.......#.#.........###
#.....[....#........#
#####[O..........####
#.oTO...........# ###.###
##.O@O.........## ##.....###
##.).........## .........##
##))........# ..........##
##)).....#.###
...........####))......##..##
..........#.##..........#...#
.........#.............<...####
..........#.........##........#
....###.............#........#


You could see 2 two-headed ogres, a troll, an orc warrior, 2 ogres and an orc.

Vanquished Creatures
  Donald (Orc:2)
  2 fire dragons
  2 hydras
  2 centaur warriors (D:8)
  2 two-headed ogres
  2 boulder beetles (Lair:5)
  A catoblepas (Lair:4)
  9 death yaks
  A swamp dragon (Lair:5)
  2 lindwurms
  Pikel (D:5)
  2 ugly things
  2 orc knights (Orc:2)
  A wolf spider (Lair:5)
  A manticore (D:8)
  A cyclops (D:8)
  2 black mambas
  7 elephants
  6 cane toads
  5 rime drakes
  A freezing wraith (IceCv)
  8 komodo dragons
  2 hornets
  12 polar bears
  A meliai (shapeshifter) (D:8)
  7 trolls
  2 raiju (Lair:5)
  10 blink frogs
  3 centaur simulacra (D:11)
  A slime creature (D:8)
  2 wraiths
  A spriggan (D:7)
  A shadow (D:10)
  A vampire (D:10)
  4 wyverns
  37 yaks
  4 fire bats (Volcano)
  Grum (Lair:1)
  9 basilisks
  3 steam dragons
  7 vampire mosquitoes
  8 wargs
  2 acid dragons
  11 water moccasins
  Duvessa (D:5)
  19 hell hounds
  6 orc warriors
  3 swamp drakes (Lair:5)
  5 ice beasts
  12 black bears
  51 wolves
  3 centaurs
  6 ogres
  4 boggarts (Lair:3)
  A phantom (D:7)
  2 kobold brigands (D:8)
  4 lemures (D:5)
  10 bullfrogs
  Blork the orc (D:4)
  2 cane toad simulacra (IceCv)
  4 scorpions
  16 wights
  Dowan (D:5)
  17 killer bees
  An electric eel (D:11)
  6 howler monkeys
  2 jellies (D:8)
  7 hounds
  4 orc priests
  Terence (D:3)
  Ijyb (D:4)
  7 iguanas
  11 orc wizards
  2 polar bear simulacra (IceCv)
  A wolf simulacrum (IceCv)
  A boggart simulacrum (D:11)
  Robin (D:3)
  8 gnolls
  7 adders
  4 shadow imps
  A howler monkey simulacrum (D:11)
  2 white imps (D:11)
  2 ufetubi
  A worm (D:3)
  3 dart slugs
  35 orcs
  6 endoplasms
  3 giant cockroaches
  15 goblins
  8 hobgoblins
  9 jackals
  3 quokkas
  6 ball pythons
  5 bats
  4 frilled lizards
  6 kobolds
  5 rats
536 creatures vanquished.

Vanquished Creatures (others)
  A gargoyle (D:11)
  8 fungi
  26 plants
35 creatures vanquished.

Grand Total: 571 creatures vanquished

Notes
Turn   | Place    | Note
-------+----------+-------------------------------------------
     0 | D:1      | jasper the Demonspawn Gladiator began the quest for the
                  | Orb.
     0 | D:1      | Reached XP level 1. HP: 16/16 MP: 1/1
   237 | D:1      | Reached skill level 1 in Short Blades
   320 | D:1      | Gained mutation: You have a pair of small horns on your
                  | head. [demonic ancestry]
   320 | D:1      | Reached XP level 2. HP: 22/22 MP: 2/2
  1122 | D:2      | Gained mutation: You are partially covered in rugged brown
                  | scales. (AC +1, +3% HP) [demonic ancestry]
  1122 | D:2      | Reached XP level 3. HP: 19/27 MP: 3/3
  1534 | D:2      | Found a faded altar of an unknown god.
  2143 | D:3      | Noticed Terence
  2156 | D:3      | Killed Terence
  2157 | D:3      | Gained mutation: A meltable shield of frost defends you.
                  | (SH +0) [demonic ancestry]
  2157 | D:3      | Reached XP level 4. HP: 33/33 MP: 4/4
  2266 | D:3      | Identified the +7 long sword "Iligat" {elec, Str+4 Dex+2}
  2330 | D:3      | Noticed Robin
  2348 | D:3      | Killed Robin
  2709 | D:4      | Gained mutation: You are mostly covered in rugged brown
                  | scales. (AC +2, +5% HP) [demonic ancestry]
  2709 | D:4      | Reached XP level 5. HP: 31/39 MP: 5/5
  2771 | D:4      | Reached skill level 5 in Short Blades
  2802 | D:4      | Found a runed translucent door.
  2803 | D:4      | Noticed Crazy Yiuf
  2842 | D:4      | Identified the +0 ring mail of Apathy {Int+3}
  3025 | D:4      | Gained mutation: You have a pair of horns on your head.
                  | [demonic ancestry]
  3025 | D:4      | Reached XP level 6. HP: 42/46 MP: 6/6
  3081 | D:5      | Entered Level 5 of the Dungeon
  3081 | D:5      | Noticed Duvessa
  3081 | D:5      | Noticed Dowan
  3169 | D:5      | Killed Duvessa
  3179 | D:5      | Killed Dowan
  3504 | D:5      | Noticed Pikel
  3519 | D:5      | Killed Pikel
  3520 | D:5      | Gained mutation: You regenerate magic rapidly. [demonic
                  | ancestry]
  3520 | D:5      | Reached XP level 7. HP: 52/52 MP: 7/7
  3590 | D:5      | Found a staircase to the Ecumenical Temple.
  3614 | Temple   | Entered the Ecumenical Temple
  3855 | D:5      | Gained mutation: When hurt, damage is shared between your
                  | health and your magic reserves. [demonic ancestry]
  3855 | D:5      | Reached XP level 8. HP: 58/58 MP: 8/8
  3858 | D:5      | Found Tinlig's Magic Scroll Emporium.
  4485 | D:6      | Found a hide-covered altar of Uskayaw.
  4506 | D:6      | Reached skill level 10 in Short Blades
  4521 | D:6      | Became a worshipper of Uskayaw the Reveller
  4596 | D:4      | Reached * piety under Uskayaw
  4599 | D:4      | Reached ** piety under Uskayaw
  4600 | D:4      | Reached skill level 1 in Invocations
  4673 | D:4      | Identified a scroll of acquirement
  4675 | D:4      | Acquired the ring of Otowkoifi {*Slow rElec rF+ rC+ Dex+2}
  4743 | D:4      | Noticed Ijyb
  4752 | D:4      | Killed Ijyb
  4844 | D:4      | Reached *** piety under Uskayaw
  4845 | D:4      | Reached skill level 2 in Invocations
  4845 | D:4      | Reached **** piety under Uskayaw
  4846 | D:4      | Reached skill level 1 in Armour
  4846 | D:4      | Reached skill level 1 in Stealth
  4849 | D:4      | Reached ***** piety under Uskayaw
  4851 | D:4      | Gained mutation: Your magical and physical power is
                  | slightly enhanced at high health. [demonic ancestry]
  4851 | D:4      | Reached XP level 9. HP: 66/66 MP: 10/10
  4888 | D:4      | Noticed Blork the orc
  4897 | D:4      | Killed Blork the orc
  4898 | D:4      | Reached skill level 1 in Shields
  4976 | D:4      | Found Apeloj's Book Shoppe.
  5127 | D:4      | Found a runed translucent door.
  5130 | D:4      | Noticed osoart's ghost (amateur DrEE)
  5290 | D:6      | Identified the +3 short sword of Division {venom, rElec}
  5314 | D:6      | Reached skill level 3 in Invocations
  5812 | D:6      | Reached skill level 4 in Invocations
  5938 | D:7      | Identified the +6 falchion of Ucubroic {flame, *Corrode
                  | Int+2 Stlth+}
  5953 | D:7      | Found Qeplef's Antique Armour Shoppe.
  5961 | D:7      | Bought a buckler for 99 gold pieces
  5971 | D:7      | Bought a pair of gloves for 99 gold pieces
  5998 | D:7      | Found an ancient bone altar of Kikubaaqudgha.
  6377 | D:7      | Reached skill level 5 in Invocations
  6985 | D:8      | Noticed a manticore
  6992 | D:8      | Reached skill level 5 in Fighting
  6997 | D:8      | Killed a manticore
  6998 | D:8      | Reached skill level 6 in Invocations
  6998 | D:8      | Reached XP level 10. HP: 43/77 MP: 9/14
  7279 | D:8      | Found a broken altar of Ashenzari.
  7406 | D:8      | Noticed a centaur warrior
  7429 | D:8      | Reached skill level 7 in Invocations
  7429 | D:8      | Noticed a cyclops
  7436 | D:8      | Killed a centaur warrior
  7445 | D:8      | Noticed a white ugly thing
  7448 | D:8      | Noticed a centaur warrior
  7454 | D:8      | Killed a white ugly thing
  7454 | D:8      | Reached ****** piety under Uskayaw
  7455 | D:8      | Reached skill level 8 in Invocations
  7459 | D:8      | Killed a cyclops
  7468 | D:8      | Killed a centaur warrior
  7472 | D:8      | Gained mutation: You are completely covered in rugged brown
                  | scales. (AC +3, +7% HP) [demonic ancestry]
  7472 | D:8      | Reached XP level 11. HP: 33/89 MP: 6/17
  7658 | D:8      | Identified the ring of Amorality {Will+ Str+7 SInv}
  7746 | D:8      | Identified the +3 leather armour of Xexoesa {Rampage}
  8307 | D:9      | Found a broken altar of Ashenzari.
  8308 | D:9      | Found a shimmering altar of Xom.
  8347 | D:9      | Reached skill level 5 in Dodging
  8363 | D:9      | Found a staircase to the Orcish Mines.
  8466 | D:9      | Found a shadowy altar of Dithmenos.
  8731 | D:9      | Found a staircase to the Lair.
  8884 | D:9      | Reached skill level 9 in Invocations
  8886 | D:9      | You fall into a shaft and drop 1 floor!
  8886 | D:10     | Entered Level 10 of the Dungeon
  9014 | D:9      | Noticed a two-headed ogre
  9022 | D:9      | Killed a two-headed ogre
  9031 | D:9      | Found Uteni's Elemental Accessories.
  9137 | D:10     | Noticed a two-headed ogre
  9140 | D:10     | Killed a two-headed ogre
  9261 | D:10     | Found Liogit's Weapon Shoppe.
  9467 | D:10     | Reached skill level 5 in Stealth
  9501 | D:10     | Reached skill level 10 in Invocations
  9688 | D:10     | Found an ornate altar of the Wu Jian Council.
  9692 | D:10     | Found a sacrificial altar of Ru.
  9694 | D:10     | Found a bloodstained altar of Trog.
  9699 | D:10     | Found a blossoming altar of Fedhas.
  9705 | D:10     | Found a stormy altar of Qazlal.
  9894 | D:11     | Found a sacrificial altar of Ru.
  9920 | D:11     | Reached skill level 5 in Shields
 10018 | D:11     | Reached skill level 5 in Armour
 10330 | D:11     | Reached skill level 11 in Invocations
 10330 | D:11     | Reached XP level 12. HP: 98/98 MP: 20/20
 10961 | Lair:1   | Entered Level 1 of the Lair of Beasts
 11304 | Lair:1   | Found a runed translucent gate.
 11304 | Lair:1   | Found a runed translucent gate.
 11306 | Lair:1   | Found a runed translucent gate.
 11350 | Lair:1   | Noticed Grum
 11365 | Lair:1   | Killed Grum
 11473 | Lair:1   | Noticed a minotaur
 11490 | Lair:1   | Reached skill level 12 in Invocations
 11768 | Lair:1   | Noticed cheesebisquit's ghost (journeyman TrFi)
 11943 | Lair:2   | Noticed a death yak
 11943 | Lair:2   | Noticed a death yak
 11943 | Lair:2   | Noticed a death yak
 11943 | Lair:2   | Noticed a death yak
 11959 | Lair:1   | Killed a death yak
 12325 | Lair:2   | Found a staircase to the Swamp.
 12398 | Lair:2   | Found a staircase to the Snake Pit.
 12501 | Lair:2   | Noticed an eight-headed hydra
 12509 | Lair:2   | Killed an eight-headed hydra
 12510 | Lair:2   | Reached skill level 13 in Invocations
 12538 | Lair:2   | Killed a death yak
 12564 | Lair:2   | Killed a death yak
 12566 | Lair:2   | Killed a death yak
 12899 | Lair:2   | Reached XP level 13. HP: 108/108 MP: 22/22
 13254 | Lair:3   | Found a frozen archway.
 13277 | IceCv    | Entered an ice cave
 13280 | IceCv    | Found a transporter.
 13308 | IceCv    | Found a transporter.
 13858 | Lair:3   | Reached skill level 14 in Invocations
 14895 | Lair:4   | Found a staircase to the Slime Pits.
 14896 | Lair:4   | Found a viscous altar of Jiyva.
 15222 | Lair:5   | Entered Level 5 of the Lair of Beasts
 15239 | Lair:5   | Reached skill level 15 in Invocations
 15369 | Lair:5   | Reached skill level 10 in Fighting
 15512 | Lair:5   | Identified the +0 ring mail of the Old World {Will+ Int+7
                  | Dex-4}
 15593 | Lair:5   | Identified the ring of Xom's Wantonness {rF+ Str+6 Slay+4}
 15819 | Lair:5   | Found a dark tunnel.
 15831 | Volcano  | Entered a volcano
 15869 | Volcano  | Identified the -1 pair of boots "Zidgh" {Dex+5}
 15945 | Volcano  | Noticed a fire dragon
 15956 | Volcano  | Killed a fire dragon
 15957 | Volcano  | Gained mutation: A meltable icy envelope protects you from
                  | harm. (AC +0) [demonic ancestry]
 15957 | Volcano  | Reached XP level 14. HP: 102/117 MP: 22/25
 17209 | Lair:5   | Reached skill level 16 in Invocations
 17734 | Orc:1    | Entered Level 1 of the Orcish Mines
 17882 | Orc:2    | Entered Level 2 of the Orcish Mines
 18082 | Orc:2    | Noticed Donald
 18120 | Orc:2    | Killed Donald
 18133 | Orc:2    | Slain by a two-headed ogre

Illustrated notes

Levels and vault maps discovered:
D:1:      grunt_arrival_lava_bath, layout_loops_corners, kennysheep_doodads,
          serial_bayou_pond_a
D:2:      layout_loops_corners, basic_altar, hellmonk_ecumenical_altar_blasted,
          minmay_small_reverse_x
D:3:      layout_loops_ring, uniq_terence, uniq_robin
D:4:      kennysheep_goblin_castle, layout_loops_cross, ebering_ghost_sewer_d,
          serial_shops, nicolae_shop_behind_doors, kennysheep_generic_room_11,
          uniq_crazy_yiuf_cottage, uniq_blork_the_orc
D:5:      layout_basic, minmay_temple_entry_junction_2, serial_shops, shop,
          uniq_pikel, uniq_duvessa
D:6:      layout_loops_ring, nicolae_uskayaw_dance_hall
D:7:      layout_layer_cave, mainiacjoe_overflow_surrounded_room, serial_shops,
          nicolae_shop_hallway_stairs, abandoned_shop, the_hattery
D:8:      minmay_the_grid_octo_tiled_octocenter [minmay_the_grid_octo_empty,
          minmay_the_grid_octo_fat_diamond,
          minmay_the_grid_octo_vomiting_pacman, minmay_the_grid_octo_77,
          minmay_the_grid_octo_prize_big_c, minmay_the_grid_square_5x5_percent,
          minmay_the_grid_square_5x5_comb, minmay_the_grid_square_5x5_bracketed,
          minmay_the_grid_square_5x5_gyroscope], layout_loops_ring
D:9:      layout_roguey, mainiacjoe_overflow_catwalk_spiral,
          mainiacjoe_overflow_two_lobes, erik_lair_orcish_takeover,
          nicolae_elemental_shop, minivault_19
D:10:     layout_roguey, nicolae_overflow_hallway_of_the_gods, serial_shops,
          nicolae_shop_bloodbath_and_beyond, eino_jars
D:11:     layout_roguey, serial_ice, serial_ice_b, serial_ice_k, serial_ice_o,
          serial_ice_h, hangedman_ru_absence
Temple:   bh_familiar_temple
Lair:1:   layout_cave_pods, maelrawn_ghost_gauntlet_escape, uniq_grum
Lair:2:   layout_chaotic_city, swamp_mist, dummy_snake_entry, grunt_megastairs_4
Lair:3:   layout_concentric_octagons, portal_ice_cave_entry_pillars_2,
          eino_small_chamber_without_monster, kilobyte_rumbling_trees
Lair:4:   layout_hall_layers, dpeg_slime_entry_corner, minivault_27
Lair:5:   guppyfry_lair_end_dragon, layout_cave_pods,
          hangedman_lair_caniforms_friends, enter_volcano_3
Orc:1:    layout_caves
Orc:2:    st_orc_open, layout_diamond_mine, uniq_donald

Skill      XL: |  1  2  3  4  5  6  7  8  9 10 11 12 13 14 |
---------------+-------------------------------------------+-----
Short Blades   | 1 2 3 4 5 8 10 | 10.0
Invocations    | 2 6 8 11 13 15 16 | 16.2
Fighting       | 3 5 7 8 9 10 | 10.5
Armour         | 1 2 3 5 |  5.8
Dodging        | 3 4 6 7 8 |  8.3
Stealth        | 1 2 4 5 7 8 9 |  9.0
Shields        | 2 4 5 6 7 9 |  9.8
Maces & Flails | |  2.7
Throwing       | |  1.7

Action                     |  1- 3 |  4- 6 |  7- 9 | 10-12 | 13-15 || total
---------------------------+-------+-------+-------+-------+-------++-------
  Melee: Short sword       |    73 |   101 |   226 |   532 |   594 ||  1526
         Punch             |     2 |       |       |       |       ||     2
         Headbutt          |     5 |    24 |    56 |   131 |   146 ||   362
  Throw: Javelin           |     1 |       |       |       |       ||     1
         Throwing net      |     1 |     3 |       |       |       ||     4
         Stone             |       |     4 |     5 |     4 |       ||    13
 Invoke: Stomp             |       |       |       |     6 |     9 ||    15
         Grand Finale      |       |       |       |     1 |     2 ||     3
         Line Pass         |       |       |       |       |     1 ||     1
  Evoke: Phantom mirror    |       |       |       |     1 |       ||     1
    Use: Scroll            |    11 |     3 |     8 |     7 |     2 ||    31
         Potion            |       |     2 |       |     2 |       ||     4
   Stab: Sleeping          |     2 |     2 |     2 |    15 |    15 ||    36
         Held in net/web   |     2 |     1 |       |       |       ||     3
         Paralysed         |       |       |     7 |    53 |    47 ||   107
         Distracted        |       |       |     1 |     2 |       ||     3
         Petrified         |       |       |       |       |     2 ||     2
         Petrifying        |       |       |       |       |     1 ||     1
         Confused          |       |       |       |       |     1 ||     1
 Armour: Leather armour    |    26 |    16 |       |    70 |    49 ||   161
         Ring mail         |       |       |    39 |    20 |       ||    59
         Fire dragon scale |       |       |       |       |   139 ||   139
  Dodge: Dodged            |    45 |    28 |    43 |   191 |   242 ||   549
  Block: Other             |       |    12 |    12 |       |       ||    24
         Kite shield       |       |       |    37 |       |   227 ||   264
         Buckler           |       |       |    19 |   184 |    97 ||   300

Table legend: (Time is in decaauts)
 A = Elapsed time spent in this place.
 B = Non-inter-level travel time spent in this place.
 C = Inter-level travel time spent in this place.
 D = Time resting spent in this place.
 E = Time spent auto-exploring this place.
 F = Levels seen in this place.
 G = Mean time per level.
                   A        B        C        D        E       F      G
               +--------+--------+--------+--------+--------+-----+--------+
         Total |  17580 |  16665 |    915 |   1393 |  12066 |  21 |  837.1 |
       Dungeon |  10539 |   9903 |    636 |    668 |   7363 |  11 |  958.1 |
        Temple |    190 |    171 |     19 |      0 |    167 |   1 |  190.0 |
          Lair |   6200 |   5960 |    240 |    724 |   4162 |   5 | 1240.0 |
  Orcish Mines |    378 |    360 |     18 |      0 |    247 |   2 |  189.0 |
      Ice Cave |     48 |     48 |      0 |      0 |      0 |   1 |   48.0 |
       Volcano |    224 |    224 |      0 |      0 |    127 |   1 |  224.0 |
               +--------+--------+--------+--------+--------+-----+--------+

Top non-repeatable levels by time:
  Lair:5: 2111 daAuts
     D:8: 1289 daAuts
  Lair:1: 1217 daAuts
     D:2: 1126 daAuts
     D:7: 1089 daAuts
    D:11: 1085 daAuts
     D:4: 1024 daAuts
  Lair:2: 1017 daAuts
     D:6: 985 daAuts
     D:1: 952 daAuts
  Lair:3: 946 daAuts
  Lair:4: 907 daAuts
     D:5: 899 daAuts
    D:10: 763 daAuts
     D:9: 720 daAuts
